 Dungeon Crawl Stone Soup version 0.16-a0-3602-g9bd3662 (webtiles) character file.

51403 Minkie the Bludgeoner (level 14, -8/122 HPs)
             Began as a Minotaur Berserker on Jan 12, 2015.
             Was the Champion of Trog.
             Killed from afar by an ice dragon (29 damage)
             ... with a blast of cold
             ... in an ice cave.
             The game lasted 01:06:17 (16835 turns).

Minkie the Bludgeoner (Minotaur Berserker)         Turns: 16835, Time: 01:06:18

Health: -8/122     AC: 22    Str: 22    XL:     14   Next: 23%
Magic:  7/7        EV: 13    Int:  4    God:    Trog [******]
Gold:   1172       SH:  0    Dex: 15    Spells: 0 memorised, 13 levels left

rFire  + . .     SeeInvis .     a - +6 dire flail (antimagic)
rCold  + . .     Clarity  .     U - +0 plate armour
rNeg   . . .     SustAb   .     (no shield)
rPois  +         Gourm    .     Q - +0 hat
rElec  +         Spirit   .     i - +2 cloak {MR+}
rCorr  +         Warding  .     g - +1 pair of gloves
rMut   .         Stasis   .     j - +0 pair of boots
MR     +++..                    M - amulet of regeneration
Stlth  ..........               T - ring of teleport control
                                h - ring of protection from magic

@: resistant, extremely resistant to hostile enchantments, extremely unstealthy
A: retaliatory headbutt, horns 2
a: Burn Spellbooks, Berserk, Trog's Hand, Brothers in Arms, Renounce Religion,
Evoke Teleport Control


You were in an ice cave.
You worshipped Trog.
Trog was exalted by your worship.
You were hungry.

You visited 2 branches of the dungeon, and saw 17 of its levels.
You also visited: Ice Cave.

You collected 1172 gold pieces.

Inventory:

Hand weapons
 a - a +6 antimagic dire flail (weapon)
 w - a +0 shortbow of flaming
Missiles
 b - 14 tomahawks (quivered)
 H - 262 arrows
Armour
 g - a +1 pair of gloves (worn)
 i - a +2 cloak of magic resistance (worn)
 j - a +0 pair of boots (worn)
 G - an ice dragon hide
 Q - a +0 hat (worn)
 U - a +0 plate armour (worn)
Jewellery
 h - a ring of protection from magic (left hand)
 A - a +5 ring of protection {unknown}
 M - an amulet of regeneration (around neck)
 T - a ring of teleport control (right hand)
Magical devices
 k - a wand of digging (10)
 p - a wand of fireball (4)
 y - a wand of enslavement (3)
Scrolls
 d - 2 scrolls of blinking
 e - 11 scrolls of teleportation
 l - 10 scrolls of remove curse
 n - a scroll of vulnerability {unknown}
 q - 3 scrolls of fear
 v - a scroll of immolation
 J - 3 scrolls of identify
 P - a scroll of fog
Potions
 f - 3 potions of brilliance
 m - a potion of heal wounds
 o - a potion of haste
 r - a potion of agility
 s - 3 potions of invisibility
 t - 3 potions of cancellation
 B - 2 potions of ambrosia
 C - 6 potions of curing
 E - 3 potions of restore abilities
 K - 5 potions of might
Comestibles
 c - 9 bread rations
 u - 6 meat rations
 D - 17 fruits
 F - a beef jerky


   Skills:
 - Level 10.6 Fighting
 + Level 18.0 Maces & Flails
 - Level 10.4 Armour
 + Level 13.5 Dodging
 + Level 9.5 Evocations


You had 13 spell levels left.
You didn't know any spells.

Dungeon Overview and Level Annotations

Branches:
Dungeon (15/15)            Temple (0/1) D:5            Lair (2/8) D:10
    Orc (0/4) D:10         Vaults (0/5) D:13
 Depths: D:15

Altars:
Ashenzari
Cheibriados
Dithmenos
Elyvilon
Fedhas
Gozag
Kikubaaqudgha
Makhleb
Nemelex Xobeh
Sif Muna
Xom
Yredelemnul
The Shining One

Shops:
D:10 [

Annotations:
D:8 exclusion: 2 oklob saplings


Innate Abilities, Weirdness & Mutations

You reflexively headbutt those who attack you in melee.
You have a pair of horns on your head.


Message History

The ice dragon is severely wounded.
The ice dragon breathes frost at you. The blast of cold misses you.
You hit the ice dragon.
The ice dragon is severely wounded.
You puncture the ice dragon!
The ice dragon is almost dead.
The ice dragon barely misses you. The ice dragon misses you.
The ice dragon tramples you.
* * * LOW HITPOINT WARNING * * *
You hold your ground!
You puncture the ice dragon!
The ice dragon is almost dead.
You hit the ice dragon but do no damage.
Your headbutt misses the ice dragon.
The ice dragon is almost dead.
You are feeling hungry.
The ice dragon breathes frost at you. The blast of cold hits you! You resist.
You die...

###..## #
#...## #
###.###
##.#..#
#..##.##
#...#..#
##.#...##
#..#####
#..@# #.D##
#†## #..#
#..D. ###
##....$
##.##
.....$#
#...###
.....$#≈
##.#..##
#...=
#≈≈≈#..##..#


You could see an ice dragon.

Vanquished Creatures
  4 vault guards (D:13)
  2 hydras
  2 ice dragons
  4 centaur warriors (D:13)
  The ghost of chequers the Bludgeoner, a powerful MiBe of Trog (D:9)
  The ghost of Minkie the Martial Artist, a powerful DrTm of Okawaru (D:11)
  Erica (D:13)
  2 tengu warriors
  The ghost of chequers the Severer, an experienced HOFi of Ru (D:7)
  9 skeletal warriors
  An unseen horror (D:10)
  2 hill giants
  2 ice statues (IceCv)
  Erolcha (D:13)
  Pikel (D:9)
  An orc knight (D:13)
  6 ugly things
  An orc sorcerer (D:13)
  A black mamba (Lair:2)
  2 cyclopes
  A centaur zombie (D:12)
  A gargoyle (D:13)
  A black mamba (shapeshifter) (D:13)
  Psyche (D:13)
  A komodo dragon (Lair:2)
  2 spiny frogs (Lair:2)
  A yaktaur (D:13)
  A kobold demonologist (D:13)
  A fire drake (shapeshifter) (D:14)
  A deep elf priest (D:13)
  2 tengu conjurers (D:13)
  2 polar bears (D:15)
  A two-headed ogre (D:14)
  9 slime creatures
  6 trolls
  6 ravens
  A basilisk (D:13)
  4 blink frogs (Lair:1)
  2 wraiths
  3 wandering mushrooms (D:8)
  3 deep elf magi
  2 wyverns
  34 yaks
  3 trapdoor spiders
  A spriggan (shapeshifter) (D:14)
  2 shadows
  4 vampire mosquitoes (D:13)
  A deep elf fighter (D:13)
  A water elemental (D:13)
  A hippogriff (Lair:2)
  A hungry ghost (D:11)
  The ghost of chequers the Cudgeler, an average OpBe of Trog (D:3)
  A raven zombie (D:14)
  2 sky beasts
  6 wolves (Lair:2)
  A water moccasin (Lair:2)
  A mottled dragon (D:12)
  A wasp (D:13)
  A soldier ant (D:12)
  2 porcupines
  6 orc warriors
  A necrophage (D:13)
  A black bear (D:12)
  3 phantoms (D:9)
  18 ice beasts
  4 crocodiles
  7 centaurs
  3 ogres
  2 big kobolds (D:12)
  Blork the orc (D:4)
  A wyvern zombie (D:13)
  10 giant frogs
  2 water moccasin skeletons (D:11)
  5 scorpions
  6 crimson imps
  A quasit (D:14)
  3 goliath beetles
  A giant frog zombie (D:13)
  A wasp zombie (D:9)
  A giant frog skeleton (D:13)
  8 orc priests
  8 hounds
  3 jellies
  4 centaur skeletons
  10 worker ants
  8 iguanas
  15 orc wizards
  A hound zombie (D:8)
  A mummy (D:6)
  6 gnolls
  16 adders
  14 river rats
  A giant mite (D:4)
  6 shadow imps
  4 worms
  7 giant geckos
  An ooze (D:4)
  49 orcs
  3 ball pythons
  A bat zombie (D:5)
  4 giant cockroaches
  24 hobgoblins
  14 jackals
  31 kobolds
  11 bats
  3 giant newts
  4 giant spores
  10 goblins
  A hobgoblin zombie (D:6)
  2 kobold zombies (D:6)
  8 quokkas
  18 rats
  40 ballistomycetes
  2 fungi (D:10)
  2 plants (D:10)
578 creatures vanquished.

Vanquished Creatures (others)
  A giant frog (D:9)
  A giant frog skeleton (D:9)
  A kobold (D:9)
  6 giant spores
  A hobgoblin zombie (D:6)
  A ballistomycete (D:12)
11 creatures vanquished.

Grand Total: 589 creatures vanquished

Notes
Turn   | Place    | Note
--------------------------------------------------------------
     0 | D:1      | Minkie, the Minotaur Berserker, began the quest for the Orb.
     0 | D:1      | Reached XP level 1. HP: 19/19 MP: 1/1
    51 | D:1      | Reached skill level 4 in Maces & Flails
   107 | D:1      | Reached XP level 2. HP: 26/26 MP: 1/1
   227 | D:1      | Acquired Trog's second power
   272 | D:1      | Reached skill level 5 in Maces & Flails
   460 | D:1      | Reached XP level 3. HP: 28/31 MP: 2/2
   918 | D:2      | Reached XP level 4. HP: 27/39 MP: 2/2
  1018 | D:2      | Reached skill level 6 in Maces & Flails
  1353 | D:2      | Found a shimmering altar of Xom.
  1355 | D:2      | Found a glowing golden altar of the Shining One.
  1358 | D:2      | Found a shadowy altar of Dithmenos.
  1358 | D:2      | Found a white marble altar of Elyvilon.
  1359 | D:2      | Found an opulent altar of Gozag.
  1359 | D:2      | Found a basalt altar of Yredelemnul.
  1361 | D:2      | Found a burning altar of Makhleb.
  1365 | D:2      | Found a sparkling altar of Nemelex Xobeh.
  1422 | D:3      | Noticed chequers' ghost (average OpBe)
  1704 | D:3      | Found a shattered altar of Ashenzari.
  1773 | D:3      | Killed chequers' ghost
  1773 | D:3      | Reached skill level 7 in Maces & Flails
  1773 | D:3      | Reached XP level 5. HP: 45/45 MP: 2/2
  2104 | D:4      | Reached skill level 8 in Maces & Flails
  2376 | D:4      | Reached XP level 6. HP: 43/51 MP: 3/3
  2689 | D:4      | Reached skill level 9 in Maces & Flails
  2865 | D:5      | Entered Level 5 of the Dungeon
  3087 | D:5      | Reached XP level 7. HP: 42/57 MP: 3/3
  3204 | D:5      | Reached skill level 10 in Maces & Flails
  3210 | D:5      | Noticed Blork the orc
  3332 | D:4      | Killed Blork the orc
  3631 | D:5      | Found a staircase to the Ecumenical Temple.
  3734 | D:5      | Acquired Trog's third power
  4039 | D:6      | Reached skill level 11 in Maces & Flails
  4273 | D:6      | Reached XP level 8. HP: 64/64 MP: 3/3
  4636 | D:7      | Found a snail-covered altar of Cheibriados.
  4648 | D:7      | Reached skill level 12 in Maces & Flails
  4864 | D:7      | Noticed chequers' ghost (experienced HOFi)
  4887 | D:7      | Killed chequers' ghost
  4887 | D:7      | Reached skill level 13 in Maces & Flails
  5171 | D:7      | Found a deep blue altar of Sif Muna.
  5260 | D:7      | Reached XP level 9. HP: 52/70 MP: 4/4
  5486 | D:8      | Reached skill level 14 in Maces & Flails
  5874 | D:8      | Found a blossoming altar of Fedhas.
  6249 | D:8      | Reached skill level 5 in Fighting
  6831 | D:9      | Reached skill level 5 in Armour
  6871 | D:9      | Reached skill level 5 in Dodging
  7087 | D:9      | Received a gift from Trog
  7154 | D:9      | Reached XP level 10. HP: 82/84 MP: 1/4
  7243 | D:9      | Noticed chequers' ghost (powerful MiBe)
  7256 | D:9      | Killed chequers' ghost
  7319 | D:9      | Noticed Pikel
  7322 | D:9      | Killed Pikel
  7490 | D:9      | Found an ancient bone altar of Kikubaaqudgha.
  7816 | D:10     | Entered Level 10 of the Dungeon
  7877 | D:10     | Found a staircase to the Lair.
  8541 | D:10     | Found a staircase to the Orcish Mines.
  8565 | D:10     | Killed an unseen horror
  8732 | D:10     | Found Yrghem's Armour Shoppe.
  9139 | Lair:1   | Entered Level 1 of the Lair of Beasts
  9155 | Lair:1   | Noticed a seven-headed hydra
  9160 | Lair:1   | Killed a seven-headed hydra
  9160 | Lair:1   | Reached XP level 11. HP: 95/95 MP: 1/4
  9194 | Lair:1   | Identified a scroll of acquirement
  9291 | Lair:1   | Received a gift from Trog
 10464 | Lair:2   | Reached skill level 10 in Fighting
 11533 | Lair:1   | Reached skill level 15 in Maces & Flails
 11538 | Lair:1   | Reached skill level 10 in Armour
 11647 | D:11     | Noticed Minkie's ghost (powerful DrTm)
 11660 | D:11     | Killed Minkie's ghost
 11761 | D:11     | Found a white marble altar of Elyvilon.
 11800 | D:11     | Reached XP level 12. HP: 108/108 MP: 1/5
 11922 | D:11     | Reached skill level 1 in Evocations
 12160 | D:11     | Noticed a five-headed hydra
 12169 | D:11     | Killed a five-headed hydra
 12169 | D:11     | Reached skill level 10 in Dodging
 13297 | D:12     | Reached skill level 16 in Maces & Flails
 13482 | D:12     | Reached skill level 5 in Evocations
 14208 | D:13     | Noticed a centaur warrior
 14217 | D:13     | Killed a centaur warrior
 14247 | D:13     | Noticed Erica
 14251 | D:13     | Killed Erica
 14251 | D:13     | Received a gift from Trog
 14329 | D:13     | Reached XP level 13. HP: 105/114 MP: 5/17
 14338 | D:13     | Noticed Psyche
 14351 | D:13     | Killed Psyche
 14656 | D:13     | Noticed Erolcha
 14664 | D:13     | Killed Erolcha
 14678 | D:13     | Noticed a centaur warrior
 14686 | D:13     | Killed a centaur warrior
 14699 | D:13     | Noticed a centaur warrior
 14709 | D:13     | Killed a centaur warrior
 14842 | D:13     | Noticed a centaur warrior
 14849 | D:13     | Killed a centaur warrior
 14950 | D:13     | Reached skill level 17 in Maces & Flails
 15252 | D:13     | Noticed a vault guard
 15259 | D:13     | Noticed a vault guard
 15275 | D:13     | Killed a vault guard
 15315 | D:13     | Killed a vault guard
 15385 | D:13     | Found a gate to the Vaults.
 15385 | D:13     | Noticed a vault guard
 15385 | D:13     | Noticed a vault guard
 15397 | D:13     | Killed a vault guard
 15406 | D:13     | Killed a vault guard
 15937 | D:14     | Found a blossoming altar of Fedhas.
 16283 | D:14     | Reached XP level 14. HP: 110/122 MP: 7/22
 16405 | D:14     | Found a shadowy altar of Dithmenos.
 16512 | D:15     | Entered Level 15 of the Dungeon
 16536 | D:15     | Found a frozen archway.
 16590 | IceCv    | Entered an ice cave
 16595 | IceCv    | Received a gift from Trog
 16790 | IceCv    | Reached skill level 18 in Maces & Flails
 16835 | IceCv    | Killed from afar by an ice dragon

Action                   |  1- 3 |  4- 6 |  7- 9 | 10-12 | 13-15 || total
-------------------------+-------+-------+-------+-------+-------++-------
Melee: Mace              |    37 |       |       |       |       ||    37
       Flail             |    45 |    98 |       |       |       ||   143
       Morningstar       |       |    43 |   346 |       |       ||   389
       Dire flail        |       |       |    10 |   769 |   524 ||  1303
Throw: Tomahawk          |       |       |     9 |     2 |       ||    11
Invok: Berserk           |       |     1 |     2 |     5 |       ||     8
       Trog's Hand       |       |       |       |       |     1 ||     1
  Use: Scroll            |       |       |     9 |    19 |     3 ||    31
       Potion            |       |       |       |     1 |     3 ||     4
 Stab: Sleeping          |       |     3 |       |       |       ||     3
       Fleeing           |       |       |       |       |     1 ||     1
  Eat: Chunk             |       |    12 |    20 |    28 |     3 ||    63
